 Dungeon Crawl Stone Soup version 0.30.1-11-g7821555f0a (webtiles) character file.

Game seed: 11130587778150176080

57 monsoonserge the Shooter (level 3, -3/18 HPs)
             Began as a Spriggan Hunter on Nov 11, 2023.
             Killed by divine providence
             ... invoked by an orc priest
              (7 damage)
             ... on level 3 of the Dungeon.
             The game lasted 00:02:17 (1301 turns).

monsoonserge the Shooter (Spriggan Hunter)          Turns: 1301, Time: 00:02:18

Health: -3/18      AC:  2    Str:  7    XL:     3   Next: 73%
Magic:  4/4        EV: 18    Int: 10    God:
Gold:   145        SH:  0    Dex: 20    Spells: 2/2 levels left

rFire   . . .        a - +0 shortbow
rCold   . . .        (shield currently unavailable)
rNeg    . . .        c - +0 robe
rPois   .            (helmet restricted)
rElec   .            (no cloak)
rCorr   .            (gloves unavailable)
SInv    +            (boots unavailable)
Will    .....        (no amulet)
Stlth   ++           (no ring)
HPRegen 0.23/turn    (no ring)
MPRegen 0.09/turn

%: no passive effects
@: very quick
A: very small, no large weapons, unfitting armour, see invisible, speed 3
a: no special abilities


You were on level 3 of the Dungeon.
You visited 1 branch of the dungeon, and saw 4 of its levels.

You collected 145 gold pieces.

Inventory:

Hand Weapons
 a - a +0 shortbow (weapon)
Armour
 c - a +0 robe (worn)
Scrolls
 b - a scroll of immolation
 e - 2 scrolls of identify {unknown}
 h - 2 scrolls of blinking {unknown}
 i - a scroll of teleportation {unknown}
Potions
 d - 2 potions of degeneration {unknown}
 f - a potion of brilliance {unknown}
 g - 4 potions of haste {unknown}
 j - a potion of mutation {unknown}
 k - 2 potions of curing {unknown}


   Skills:
 + Level 2.0 Fighting
 + Level 5.2 Ranged Weapons
 + Level 2.7 Dodging
 + Level 1.6 Stealth


You had 2 spell levels left.
You didn't know any spells.
Your spell library was empty.

Dungeon Overview and Level Annotations

Branches:
Dungeon (4/15)
 Temple: D:4-7

Altars:

Shops:
D:2 =


Innate Abilities, Weirdness & Mutations

You are very small and have problems with some larger weapons.
You are too small for most types of armour.
You have supernaturally acute eyesight. (SInv)
You cover ground extremely quickly. (Speed+++)


Message History

The arrow hits the dart slug but does no damage.
The dart slug is severely wounded.
You shoot an arrow. The arrow hits the dart slug!
You kill the dart slug!
No target in view!
Found a stone staircase leading up.
No target in view!
No target in view!
An orc priest comes into view. It is wielding a +0 hand axe.
You shoot an arrow.
The arrow hits the orc priest but does no damage.
The orc priest shouts!
An orc comes into view. It is wielding a +0 short sword.
An orc comes into view.
It is wielding a +0 trident of freezing.
You shoot an arrow. The orc shouts!
The arrow hits the orc!
You kill the orc!
You hear a shout!
A hobgoblin comes into view.
An orc comes into view. It is wielding a +0 trident.
Your Fighting skill increases to level 2!
Found 14 gold pieces.
The orc barely misses you.
A hobgoblin comes into view.
The orc barely misses you.
Found a cabochon ring.
There is a stone staircase leading up here.
The orc priest calls down the wrath of Beogh upon you.
Beogh smites you!
Ouch! That really hurt!
* * * LOW HITPOINT WARNING * * *
The orc misses you. x2
The hobgoblin shouts!
You climb upwards.
Found 23 gold pieces, a book of Decay and a chain mail.
There is a stone staircase leading down here.
The orc misses you.
The orc priest calls down the wrath of Beogh upon you.
Beogh smites you!
You die...

..[: $...
..... .....
......
#.....#
##..$..####.#
......o>@..#
###...o####.#
#.#.# ..B.. #
###


You could see an orc priest, an orc and a giant cockroach.

Vanquished Creatures
  An adder (D:4)
  A worm (D:2)
  2 dart slugs
  An orc (D:4)
  7 endoplasms
  A giant cockroach (D:2)
  7 goblins
  3 hobgoblins
  A quokka (D:2)
  2 ball pythons
  A bat (D:2)
  3 frilled lizards
  2 kobolds (D:1)
  5 rats (D:2)
37 creatures vanquished.

Notes
Turn   | Place    | Note
-------+----------+-------------------------------------------
     0 | D:1      | monsoonserge the Spriggan Hunter began the quest for the
                  | Orb.
     0 | D:1      | Reached XP level 1. HP: 10/10 MP: 2/2
   304 | D:1      | Reached XP level 2. HP: 14/14 MP: 3/3
   905 | D:2      | Reached XP level 3. HP: 18/18 MP: 4/4
   927 | D:2      | Found a faded altar of an unknown god.
   994 | D:2      | Found Loilax's Jewellery Boutique.
  1182 | D:2      | Reached skill level 5 in Ranged Weapons
  1275 | D:2      | You fall into a shaft and drop 2 floors!
  1301 | D:3      | Killed from afar by an orc priest

Illustrated notes

Levels and vault maps discovered:
D:1:      amcnicky_arrival_gap_in_the_tavern_cellar, layout_loops_ring,
          bh_walls_and_bars
D:2:      layout_basic, shapermc_ecumenical_altar_totnotflames, serial_shops,
          nicolae_shop_trees, chequers_serial_rivers_small_b
D:3:      layout_loops_ring, minmay_gold_behind_fungi
D:4:      layout_loops_ring, mainiacjoe_overflow_boulevard,
          minmay_temple_entry_butterflies, hangedman_decor_push

Skill      XL: |  1  2  3 |
---------------+----------+-----
Ranged Weapons | 5 |  5.2
Fighting       | 2 |  2.0
Dodging        | |  2.7
Stealth        | |  1.6

Action                     || total
---------------------------++-------
   Fire: Shortbow          ||    85
 Armour: Robe              ||     1
  Dodge: Dodged            ||    18
